 Dungeon Crawl Stone Soup version 0.31-a0-1068-g5939ac1fb6 (webtiles) character file.

Game seed: 1480479918222523057

438 AncientFaroe the Conjurer (level 6, -2/32 HPs)
             Began as a Deep Elf Conjurer on Nov 16, 2023.
             Slain by a worm (9 damage)
             ... on level 5 of the Dungeon on Nov 25, 2023.
             The game lasted 00:25:03 (3688 turns).

AncientFaroe the Conjurer (Deep Elf Conjurer)       Turns: 3688, Time: 00:25:04

Health: -2/32      AC:  2    Str:  4    XL:     6   Next: 69%
Magic:  16/16      EV: 18    Int: 25    God:
Gold:   114        SH:  0    Dex: 13    Spells: 10/16 levels left

rFire   . . .        j - +0 trident (venom)
rCold   . . .        (no shield)
rNeg    . . .        a - +0 robe
rPois   .            (no helmet)
rElec   .            (no cloak)
rCorr   .            (no gloves)
SInv    .            (no boots)
Will    .....        (no amulet)
Stlth   +++          h - +5 ring of evasion
HPRegen 0.25/turn    (no ring)
MPRegen 0.15/turn

%: no passive effects
@: no status effects
A: no striking features
a: no special abilities


You were on level 5 of the Dungeon.
You visited 1 branch of the dungeon, and saw 5 of its levels.

You collected 114 gold pieces.

Inventory:

Hand Weapons
 j - a +0 trident of venom (weapon)
 k - a +0 heavy mace
 p - a +2 shortbow of flaming
 q - a +2 spear of venom
Armour
 a - a +0 robe (worn)
Jewellery
 h - a +5 ring of evasion (left hand)
Talismans
 l - a flux talisman
Scrolls
 c - a scroll of enchant weapon {unknown}
 g - a scroll of fog
 s - a scroll of immolation
Potions
 b - a potion of magic
 d - 3 potions of curing
 e - a potion of heal wounds {unknown}
 i - a potion of cancellation {unknown}
 m - a potion of might {unknown}
 n - a potion of enlightenment {unknown}
 r - 2 potions of invisibility {unknown}
 t - a potion of resistance {unknown}


   Skills:
 + Level 4.2 Dodging
 + Level 4.5 Stealth
 * Level 5.9 Spellcasting
 * Level 6.2 Conjurations


You had 10 spell levels left.
You knew the following spells:

 Your Spells              Type           Power      Damage    Failure   Level
a - Magic Dart            Conj           100%       1d8       1%          1
b - Dazzling Flash        Conj/Hex       46%        N/A       6%          3
c - Searing Ray           Conj           76%        2d7       1%          2

Your spell library contained the following spells:

 Spells                   Type           Power      Damage    Failure   Level
 Fulminant Prism          Conj/Hex       11%        3d9       21%         4
 Iskenderun's Mystic Bla  Conj/Tloc      23%        2d6       21%         4
 Frozen Ramparts          Ice            14%        1d3       22%         3
 Gell's Gravitas          Tloc           7%         N/A       22%         3
 Teleport Other           Tloc           7%         N/A       22%         3
 Petrify                  Tmut/Erth      7%         N/A       58%         4
 Metabolic Englaciation   Hex/Ice        3%         N/A       91%         5
 Dispersal                Tloc           3%         N/A       100%        6


Dungeon Overview and Level Annotations

Branches:
Dungeon (5/15)
 Temple: D:4-7

Altars:


Message History

You barely miss the scorpion.
You feel very sick. The scorpion misses you.
You closely miss the scorpion.
You feel sick. The scorpion barely misses you. The scorpion closely misses you.
You closely miss the scorpion.
You feel sick. The scorpion misses you.
You closely miss the scorpion.
You feel sick. The scorpion misses you. The scorpion closely misses you.
You barely miss the scorpion.
You feel sick. The scorpion stings you. The worm misses you.
You closely miss the scorpion.
You feel sick. The scorpion barely misses you.
The scorpion completely misses you.
You closely miss the scorpion.
You feel sick.
You are no longer poisoned.
The scorpion completely misses you. The worm bites you.
* * * LOW HITPOINT WARNING * * *
You hit the scorpion.
The scorpion is poisoned.
The scorpion is lightly wounded.
The scorpion stings you.
* * * LOW HITPOINT WARNING * * *
The worm bites you.
* * * LOW HITPOINT WARNING * * *
The scorpion closely misses you.
You barely miss the scorpion.
The scorpion is moderately wounded.
The scorpion misses you. The worm misses you. The scorpion closely misses you.
You completely miss the scorpion.
The scorpion is heavily wounded.
The scorpion misses you. The worm misses you.
You hit the scorpion but do no damage.
The scorpion looks as sick as possible!
The scorpion is almost dead.
You kill the scorpion!
Found a pair of boots.
Found a stone staircase leading up.
The worm misses you. The worm closely misses you.
You hit the worm.
The worm is poisoned.
The worm is moderately wounded.
You hit the worm.
The worm looks even sicker.
The worm is moderately wounded.
The worm bites you!
You die...

...##..##..
#.........
#........ ####.
..... ...... ..<
......##.#
###.....w#####
.......@.....##
###.#.........####
...........#....##
.[#.#.##.#######..#
# #. #.# #......#
#. #..##.######## #
##...........##
###.#######..# ...
##...#


You could see a worm (very poisoned).

Vanquished Creatures
  A centaur (D:4)
  A scorpion (D:5)
  A howler monkey (D:4)
  3 hounds
  4 gnolls
  8 adders
  A dart slug (D:3)
  5 orcs (D:3)
  3 bats
  8 endoplasms
  2 giant cockroaches
  A goblin (D:2)
  5 hobgoblins
  3 jackals (D:4)
  4 quokkas
  5 ball pythons
  4 frilled lizards (D:2)
  A kobold (D:2)
  2 rats
62 creatures vanquished.

Notes
Turn   | Place    | Note
-------+----------+-------------------------------------------
     0 | D:1      | AncientFaroe the Deep Elf Conjurer began the quest for the
                  | Orb.
     0 | D:1      | Reached XP level 1. HP: 10/10 MP: 6/6
    77 | D:1      | Reached XP level 2. HP: 15/15 MP: 4/8
   232 | D:1      | You fall into a shaft and drop 1 floor!
   382 | D:2      | Reached XP level 3. HP: 19/19 MP: 6/10
   470 | D:2      | Learned a level 3 spell: Dazzling Flash
   473 | D:2      | Learned a level 2 spell: Searing Ray
  1388 | D:3      | Reached XP level 4. HP: 24/24 MP: 6/12
  1389 | D:3      | Reached skill level 5 in Conjurations
  1559 | D:3      | Upgraded the game from 0.31-a0-1010-g5322dac6a2 to
                  | 0.31-a0-1066-g35875b34c7
  1559 | D:3      | Upgraded the game from 0.31-a0-1066-g35875b34c7 to
                  | 0.31-a0-1068-g5939ac1fb6
  2509 | D:4      | Reached XP level 5. HP: 24/28 MP: 11/14
  2689 | D:4      | Noticed a centaur
  2701 | D:4      | Killed a centaur
  2702 | D:4      | Reached skill level 5 in Spellcasting
  2803 | D:4      | Reached XP level 6. HP: 6/32 MP: 16/16
  3100 | D:4      | Reached skill level 6 in Conjurations
  3599 | D:5      | Entered Level 5 of the Dungeon
  3688 | D:5      | Slain by a worm

Illustrated notes

Levels and vault maps discovered:
D:1:      wander_arrival_lonely_grave, layout_basic, serial_shops,
          nicolae_shop_hallway_plus, st_stairs_1,
          corexii_item_surrounded_by_moat
D:2:      layout_loops_ring
D:3:      layout_basic, minmay_misc_feat_room
D:4:      layout_loops_ring
D:5:      layout_rooms, minmay_temple_entry_sparse_star, minmay_splitting_lines

Skill      XL: |  1  2  3  4  5  6 |
---------------+-------------------+-----
Dodging        | 3 4 |  4.2
Stealth        | 3 4 |  4.5
Spellcasting   | 4 5 |  5.9
Conjurations   | 5 6 |  6.2

Action                     |  1- 3 |  4- 6 || total
---------------------------+-------+-------++-------
  Melee: Trident           |       |    53 ||    53
         Unarmed           |       |     3 ||     3
   Cast: Magic Dart        |    41 |    41 ||    82
         Searing Ray       |     6 |    11 ||    17
    Use: Scroll            |       |     5 ||     5
 Armour: Robe              |     2 |    32 ||    34
  Dodge: Dodged            |     1 |    83 ||    84

Table legend: (Time is in decaauts)
 A = Elapsed time spent in this place.
 B = Non-inter-level travel time spent in this place.
 C = Inter-level travel time spent in this place.
 D = Time resting spent in this place.
 E = Time spent auto-exploring this place.
 F = Levels seen in this place.
 G = Mean time per level.
                   A        B        C        D        E       F      G
               +--------+--------+--------+--------+--------+-----+--------+
         Total |   3701 |   3648 |     53 |    528 |   1348 |   5 |  740.2 |
       Dungeon |   3701 |   3648 |     53 |    528 |   1348 |   5 |  740.2 |
               +--------+--------+--------+--------+--------+-----+--------+

Top non-repeatable levels by time:
     D:4: 1258 daAuts
     D:3: 1249 daAuts
     D:2: 866 daAuts
     D:1: 232 daAuts
     D:5: 94 daAuts
